 Dungeon Crawl Stone Soup version 0.26-a0-651-gb41185065b (webtiles) character file.

Game seed: 1815611344523328070

(classic levelgen) 2819 EnegeticOcto the Cleaver (level 9, -8/82 HPs)
             Began as a Deep Dwarf Delver on Oct 23, 2020.
             Was a Follower of Makhleb.
             Mangled by an orc knight
             ... wielding a +0 dire flail of holy wrath
              (22 damage)
             ... on level 1 of the Orcish Mines.
             The game lasted 00:07:43 (1299 turns).

EnegeticOcto the Cleaver (Deep Dwarf Delver)        Turns: 1299, Time: 00:07:43

Health: -8/82      AC: 11    Str: 15    XL:     9   Next: 45%
Magic:  1/1        EV:  7    Int: 15    God:    Makhleb [*.....]
Gold:   221        SH:  0    Dex: 14    Spells: 8/8 levels left

rFire    . . .     SeeInvis .   q - +0 war axe
rCold    . . .     Faith    .   (no shield)
rNeg     . . .     Spirit   .   n - +0 chain mail
rPois    .         Reflect  .   m - +0 helmet
rElec    .         Harm     .   l - +0 cloak
rCorr    .         Rampage  .   (no gloves)
MR       +....                  j - +0 pair of boots
Stlth    ..........             (no amulet)
HPRegen  0.00/turn              (no ring)
MPRegen  0.07/turn              (no ring)

@: non-regenerating
A: damage resistance, heal wounds, sense surroundings 2, no regeneration
a: Heal Wounds, Renounce Religion


You were on level 1 of the Orcish Mines.
You worshipped Makhleb.
Makhleb was aware of your devotion.
You visited 3 branches of the dungeon, and saw 9 of its levels.

You collected 221 gold pieces.

Inventory:

Hand Weapons
 a - a +0 hand axe
 q - a +0 war axe (weapon)
Armour
 b - a +0 leather armour
 j - a +0 pair of boots (worn)
 l - a +0 cloak (worn)
 m - a +0 helmet (worn)
 n - a +0 chain mail (worn)
Wands
 g - a wand of digging (3) {@v3}
Scrolls
 c - 3 scrolls of fog
 d - 2 scrolls of teleportation {@r3}
 e - 2 scrolls of fear
 i - a scroll of enchant armour {unknown}
 p - a scroll of random uselessness {unknown}
 t - a scroll of identify {@r1}
Potions
 f - 2 potions of haste {@q4}
 h - a potion of degeneration
 k - 2 potions of curing {@q1}
 o - a potion of brilliance
 r - a potion of heal wounds {unknown}
Miscellaneous
 s - a lightning rod (inert)


   Skills:
 - Level 6.0 Fighting
 * Level 11.0 Axes
 - Level 2.1 Dodging
 - Level 6.0 Stealth
 + Level 7.9 Invocations


You had 8 spell levels left.
You didn't know any spells.
Your spell library was empty.

Dungeon Overview and Level Annotations

Branches:
Dungeon (10/15)            Temple (1/1) D:5             Orc (1/2) D:9
   Lair: D:8-11

Altars:
Ashenzari
Cheibriados
Dithmenos
Fedhas
Gozag
Kikubaaqudgha
Makhleb
Nemelex Xobeh
Qazlal
Ru
Vehumet
Wu Jian
Xom
Zin
The Shining One

Portals:
Trove: D:10 (give horn of Geryon)

Annotations:
D:5 Eustachio


Innate Abilities, Weirdness & Mutations

You are resistant to damage.
You can heal yourself by infusing magical energy.
You passively map the area around you.
You do not regenerate.


Message History

The orc barely misses you.
You slash the orc warrior!
The orc warrior is heavily wounded.
You barely miss the orc.
The orc warrior hits you with a +0 halberd!
You hit the orc warrior.
The orc warrior is severely wounded.
You closely miss the orc. The orc hits you but does no damage.
You barely miss the orc warrior.
The orc warrior is severely wounded.
You hit the orc but do no damage.
The orc warrior hits you with a +0 halberd!
The orc barely misses you.
You hit the orc warrior.
The orc warrior is severely wounded.
You slash the orc!
You kill the orc!
Makhleb accepts your kill.
You feel better. The orc warrior closely misses you.
You completely miss the orc warrior.
The orc warrior is severely wounded.
The orc warrior hits you with a +0 halberd!
You are too injured to fight recklessly!
You are too injured to fight recklessly!
You feel much better. The orc warrior closely misses you.
You hit the orc warrior but do no damage.
The orc warrior is severely wounded.
You hit the orc warrior.
The orc warrior is almost dead.
The orc warrior barely misses you.
You hit the orc warrior.
You kill the orc warrior!
Makhleb accepts your kill.
No target in view!
Press: ? - help, v - describe, . - travel, g - get item Item here: 24 gold pieces.
The floor.
Unknown command.
Found 16 gold pieces.
You now have 221 gold pieces (gained 24).
An orc priest comes into view. It is wielding a +0 dagger.
The orc priest shouts!
You hear a shout!
An orc comes into view. It is wielding a +0 club.
An orc knight comes into view.
It is wielding a +0 dire flail of holy wrath.
The orc knight shouts!
An orc comes into view.
An orc comes into view.
The orc shouts! x2
The orc priest begins to cast a cantrip, but forgets the words!
Evoke which item? (* to show all) (? for menu, Esc to quit)
Aiming: Thunderbolt
Press: ? - help, Shift-Dir - straight line, f - orc priest
Aim: an orc priest, wielding a +0 dagger The thunderbolt hits the orc priest!
The orc priest is severely wounded.
The thunderbolt hits the orc knight.
The orc knight is lightly wounded.
The thunderbolt hits the orc!
You kill the orc!
Makhleb accepts your kill.
You hear a shout! x2
Evoke which item? (* to show all) (? for menu, Esc to quit)
Aiming: Thunderbolt
Press: ? - help, Shift-Dir - straight line, f/p - orc priest
Aim: an orc priest, wielding a +0 dagger (severely wounded)
The thunderbolt hits the orc priest!!
You kill the orc priest!
Makhleb accepts your kill.
You feel better.
Your Axes skill increases to level 11!
The thunderbolt hits the orc knight!
The orc knight is lightly wounded.
The thunderbolt hits the orc!!
You kill the orc!
Makhleb accepts your kill.
You feel better.
The lightning rod overheats!
The orc knight hits you with a +0 dire flail of holy wrath.
You hit the orc knight but do no damage.
The orc knight is lightly wounded.
You hit the orc knight but do no damage.
The orc knight is lightly wounded.
You slash the orc!
You kill the orc!
Makhleb accepts your kill.
The orc knight hits you but does no damage.
You hit the orc knight.
The orc knight is lightly wounded.
The orc knight hits you with a +0 dire flail of holy wrath!
You fail to use your ability.
The orc knight hits you with a +0 dire flail of holy wrath!
You hit the orc knight.
The orc knight is lightly wounded.
The orc knight hits you with a +0 dire flail of holy wrath.
You closely miss the orc knight.
The orc knight is lightly wounded.
The orc knight hits you with a +0 dire flail of holy wrath!
* * * LOW HITPOINT WARNING * * *
You fail to use your ability.
The orc knight hits you with a +0 dire flail of holy wrath!!
You die...

, ,
,,.#.............## ,
.# ##............# ,
,...,##..........## ,
, .... ##....#....#*
, ,.....#..>........#
#.................#
*..............#...**
* ,
,..........#..#....
..........@.....#,*
..#........o...#.# *
*. ##......$....... *
#...#........#.. *
*##.#........)...
................,
......#......#.. * *
#.#........##.. * *
**, *


You could see an orc knight.

Vanquished Creatures
  A two-headed ogre (D:8)
  A hippogriff (D:8)
  5 wargs
  2 ice beasts
  2 orc warriors (Orc:1)
  A centaur (D:7)
  An ogre (Orc:1)
  2 big kobolds
  4 killer bees (D:9)
  3 wights (D:9)
  A bullfrog zombie (D:10)
  2 hounds
  2 jellies
  2 orc priests
  A bullfrog skeleton (D:10)
  5 orc wizards
  A worker ant (D:7)
  A worker ant zombie (D:5)
  An adder (D:8)
  An ufetubus (D:9)
  16 orcs
  A giant cockroach (Temple)
  A hobgoblin (D:6)
  10 kobolds
  2 frilled lizards
  A leopard gecko zombie (D:5)
  A quokka zombie (D:8)
71 creatures vanquished.

Notes
Turn   | Place    | Note
-------+----------+-------------------------------------------
     0 | D:5      | EnegeticOcto the Deep Dwarf Delver began the quest for the
                  | Orb.
     0 | D:5      | Reached XP level 1. HP: 20/20 MP: 1/1
     6 | D:5      | Found a sparkling altar of Nemelex Xobeh.
    10 | D:5      | Noticed Eustachio
    30 | D:5      | Reached skill level 3 in Axes
    30 | D:5      | Reached XP level 2. HP: 18/27 MP: 2/2
    66 | D:6      | Reached skill level 4 in Axes
    66 | D:6      | Reached XP level 3. HP: 20/33 MP: 3/3
    96 | D:6      | Noticed a big kobold
   121 | D:6      | Killed a big kobold
   121 | D:6      | Reached skill level 5 in Axes
   121 | D:6      | Reached XP level 4. HP: 39/40 MP: 4/4
   181 | D:5      | Reached XP level 5. HP: 32/46 MP: 5/5
   196 | D:5      | Found a staircase to the Ecumenical Temple.
   206 | Temple   | Entered the Ecumenical Temple
   286 | Temple   | Became a worshipper of Makhleb the Destroyer
   362 | D:5      | Reached skill level 6 in Axes
   378 | D:5      | Reached skill level 1 in Invocations
   543 | D:7      | Noticed a centaur
   546 | D:7      | Noticed an ice beast
   561 | D:7      | Killed a centaur
   561 | D:7      | Reached XP level 6. HP: 28/56 MP: 5/5
   581 | D:7      | Killed an ice beast
   617 | D:8      | Noticed a hippogriff
   656 | D:8      | Noticed a two-headed ogre
   661 | D:8      | Killed a hippogriff
   661 | D:8      | Reached skill level 7 in Axes
   661 | D:8      | Reached XP level 7. HP: 28/63 MP: 0/2
   670 | D:8      | Killed a two-headed ogre
   670 | D:8      | Reached skill level 8 in Axes
   670 | D:8      | Reached skill level 5 in Invocations
   670 | D:8      | Reached XP level 8. HP: 17/73 MP: 0/4
   752 | D:7      | Reached skill level 9 in Axes
   849 | D:8      | Found a sacrificial altar of Ru.
   971 | D:9      | Reached * piety under Makhleb
   977 | D:9      | Reached skill level 5 in Fighting
   998 | D:10     | Entered Level 10 of the Dungeon
  1077 | D:10     | Found a portal to a secret trove of treasure.
  1077 | D:10     | Noticed a guardian mummy
  1084 | D:10     | Found a shadowy altar of Dithmenos.
  1163 | D:9      | Reached skill level 10 in Axes
  1170 | D:9      | Found an ornate altar of the Wu Jian Council.
  1181 | D:9      | Found a stormy altar of Qazlal.
  1218 | D:9      | Found a staircase to the Orcish Mines.
  1226 | D:9      | Gained mutation: You passively map the area around you.
                  | [Deep Dwarf growth]
  1226 | D:9      | Reached XP level 9. HP: 53/81 MP: 1/3
  1242 | Orc:1    | Entered Level 1 of the Orcish Mines
  1288 | Orc:1    | Noticed an orc knight
  1291 | Orc:1    | Reached skill level 11 in Axes
  1299 | Orc:1    | Mangled by an orc knight

Illustrated notes

Levels and vault maps discovered:
D:4:      layout_loops_ring, minmay_ogre_servants
D:5:      layout_rooms, temple_pool_b, basic_altar, uniq_eustachio
D:6:      cheibrodos_thug_alley, layout_basic, patterned_corridor, uniq_pikel,
          uniq_menkaure, uniq_maggie
D:7:      layout_layer_cave, minmay_overflow_temple_star_quad
D:8:      layout_loops_ring, nicolae_ru_great_annihilating_truth
D:9:      layout_roguey, bloody_trog, grunt_temple_overflow_open,
          minmay_orc_entry_guard_dogs
D:10:     layout_loops_ring, nicolae_trove_entry_path_of_doom,
          grunt_dithmenos_smoke, uniq_erica, uniq_erolcha
Temple:   minmay_temple_curvy_loop
Orc:1:    cheibrodos_orc_guarddog, layout_caves, serial_shops, shop_fountains

Skill      XL: |  1  2  3  4  5  6  7  8  9 |
---------------+----------------------------+-----
Axes           | 3 4 5 6 7 8 10 11 | 11.0
Invocations    | 2 3 5 6 7 |  7.9
Fighting       | 3 4 5 6 |  6.0
Dodging        | |  2.1
Stealth        | |  6.0

Action                   |  1- 3 |  4- 6 |  7- 9 || total
-------------------------+-------+-------+-------++-------
Melee: Hand axe          |    56 |   116 |    89 ||   261
       War axe           |       |       |    88 ||    88
 Abil: Heal Wounds       |     3 |    11 |    21 ||    35
Evoke: Wand              |       |       |     5 ||     5
       Lightning rod     |       |       |     5 ||     5
  Use: Scroll            |     2 |     2 |     3 ||     7
 Stab: Sleeping          |       |       |     1 ||     1
Armor: Leather armour    |    17 |    43 |     7 ||    67
       Chain mail        |       |       |   137 ||   137
       Skin              |       |       |     1 ||     1
Dodge: Dodged            |    39 |   106 |   121 ||   266

Table legend: (Time is in decaauts)
 A = Elapsed time spent in this place.
 B = Non-inter-level travel time spent in this place.
 C = Inter-level travel time spent in this place.
 D = Time resting spent in this place.
 E = Time spent auto-exploring this place.
 F = Levels seen in this place.
 G = Mean time per level.
                   A        B        C        D        E       F      G
               +--------+--------+--------+--------+--------+-----+--------+
         Total |   1298 |   1249 |     49 |      0 |      0 |   9 |  144.2 |
       Dungeon |   1142 |   1108 |     34 |      0 |      0 |   7 |  163.1 |
        Temple |    100 |     85 |     15 |      0 |      0 |   1 |  100.0 |
  Orcish Mines |     55 |     55 |      0 |      0 |      0 |   1 |   55.0 |
               +--------+--------+--------+--------+--------+-----+--------+

Top non-repeatable levels by time:
     D:8: 281 daAuts
     D:5: 219 daAuts
     D:9: 204 daAuts
     D:6: 162 daAuts
     D:7: 135 daAuts
    D:10: 117 daAuts
  Temple: 100 daAuts
   Orc:1: 55 daAuts
     D:4: 21 daAuts
